 Dungeon Crawl Stone Soup version 0.25.0-46-gbd7b0854d2 (webtiles) character file.

Game seed: 13417443070375845471

73 DerDa the Magician (level 4, 0/24 HPs)
             Began as a Deep Elf Wizard on July 16, 2020.
             Succumbed to an adder's poison
             ... on level 2 of the Dungeon.
             The game lasted 00:04:39 (1656 turns).

DerDa the Magician (Deep Elf Wizard)                Turns: 1656, Time: 00:04:39

Health: 0/24       AC:  5    Str:  4    XL:     4   Next: 8%
Magic:  5/13       EV: 13    Int: 24    God:
Gold:   86         SH:  0    Dex: 13    Spells: 7/13 levels left

rFire    + . .     SeeInvis .   c - +0 club
rCold    + . .     Gourm    .   (no shield)
rNeg     + . .     Faith    .   a - +0 robe
rPois    +         Spirit   .   b - +0 hat
rElec    +         Reflect  .   (no cloak)
rCorr    +         Harm     .   (no gloves)
MR       .....                  (no boots)
Stlth    ++........             (no amulet)
HPRegen  0.08/turn              l - ring of positive energy
MPRegen  0.13/turn              (no ring)

@: lethally poisoned (0 -> -2), resistant, berserk cooldown, slowed, very slow
A: hooves 1, iridescent scales 1, rugged brown scales 1
a: no special abilities


You were on level 2 of the Dungeon.
You were not hungry.

You visited 1 branch of the dungeon, and saw 2 of its levels.

You collected 86 gold pieces.

Inventory:

Hand Weapons
 c - a +0 club (weapon)
Missiles
 o - 15 poisoned darts (quivered)
Armour
 a - a +0 robe (worn)
 b - a +0 hat (worn)
Jewellery
 l - a ring of positive energy (left hand)
Scrolls
 e - a scroll of identify
 f - a scroll of remove curse
 i - 2 scrolls of amnesia {unknown}
Potions
 k - a potion of berserk rage
Comestibles
 d - 3 rations
 j - a chunk of flesh


   Skills:
 + Level 3.5 Dodging
 - Level 2.4 Stealth
 * Level 5.3 Spellcasting
 + Level 2.5 Conjurations
   Level 1.1 Summonings
 + Level 1.1 Translocations
 + Level 0.0 Air Magic
 + Level 0.0 Poison Magic


You had 7 spell levels left.
You knew the following spells:

 Your Spells              Type           Power        Failure   Level  Hunger
a - Magic Dart            Conj           ###.         3%          1    None
b - Mephitic Cloud        Conj/Pois/Air  ##......     19%         3    ##.....
q - Blink                 Tloc           N/A          8%          2    None

Your spell library contained the following spells:

 Spells                   Type           Power        Failure   Level  Hunger
 Call Imp                 Summ           ##......     9%          2    None
 Slow                     Hex            #.......     13%         2    None
 Conjure Flame            Conj/Fire      ##......     16%         3    ##.....


Dungeon Overview and Level Annotations

Branches:
Dungeon (2/15)

Altars:


Innate Abilities, Weirdness & Mutations

You have large cloven feet.
You are partially covered in iridescent scales. (AC +2)
You are partially covered in rugged brown scales. (AC +1, +3% HP)


Message History

The adder barely misses you.
Okay, then.
As you read the scroll labeled SAOTSU GEICIQAE, it crumbles to dust.
It is a scroll of identify.
g - a scroll of fear
* * * LOW HITPOINT WARNING * * *
You feel sick. The quokka barely misses you.
The adder bites you but does no damage. The quokka bites you.
* * * LOW HITPOINT WARNING * * *
The adder misses you.
Unknown command.
As you read the scroll of fear, it crumbles to dust.
You assume a fearsome visage.
The adder looks frightened!
The quokka looks frightened!
The kobold looks frightened!
The kobold shouts!
Unknown command.
As you read the scroll labeled BORAUM QYAN, it crumbles to dust.
You hear a loud clanging noise!
It was a scroll of noise.
You die...

.... . .... .
..... . . .....
. ... ...... .
....#####......
.
...............
.
.......@..S....
.
#..............
...............
.
........#.r....
.
...............
.
#.....$.#......
# ........#
..... ##......#
.....


You could see an adder (fleeing) and a quokka (fleeing).

Vanquished Creatures
  Natasha (D:2)
  An adder (D:2)
  An ooze (D:1)
  2 dart slugs (D:1)
  A giant cockroach (D:1)
  6 goblins
  5 hobgoblins (D:1)
  A quokka (D:2)
  3 bats (D:1)
  A frilled lizard (D:1)
  5 kobolds (D:1)
  3 rats (D:1)
30 creatures vanquished.

Notes
Turn   | Place    | Note
-------+----------+-------------------------------------------
     0 | D:1      | DerDa the Deep Elf Wizard began the quest for the Orb.
     0 | D:1      | Reached XP level 1. HP: 10/10 MP: 7/7
   190 | D:1      | Reached XP level 2. HP: 15/15 MP: 4/9
   971 | D:1      | Reached skill level 5 in Spellcasting
   971 | D:1      | Reached XP level 3. HP: 19/19 MP: 3/11
  1301 | D:1      | You fall into a shaft and drop 1 floor!
  1393 | D:2      | Noticed Natasha
  1403 | D:2      | Killed Natasha
  1474 | D:2      | Learned a level 2 spell: Blink
  1478 | D:2      | Learned a level 3 spell: Mephitic Cloud
  1641 | D:2      | Reached XP level 4. HP: 8/24 MP: 3/13
  1647 | D:2      | Gained mutation: You have large cloven feet. [potion of
                  | mutation]
  1647 | D:2      | Gained mutation: You are partially covered in iridescent
                  | scales. (AC +2) [potion of mutation]
  1647 | D:2      | Gained mutation: You are partially covered in rugged brown
                  | scales. (AC +1, +3% HP) [potion of mutation]
  1654 | D:2      | HP: 1/24 [quokka (1)]
  1656 | D:2      | Succumbed to an adder's poison

Illustrated notes

Levels and vault maps discovered:
D:1:      psy_arrival_conway, layout_basic, serial_forest,
          infiniplex_forest_clump_double, infiniplex_forest_end_2,
          infiniplex_forest_straight_4, infiniplex_forest_clump_tiny,
          infiniplex_forest_split, infiniplex_forest_straight_1, fountainhead,
          supply_closet_lemuel, chequers_decorated_corner
D:2:      layout_basic, xom_teletrap_fun, uniq_natasha

Skill      XL: |  1  2 |
---------------+-------+-----
Dodging        | 3 |  3.5
Conjurations   | 2 |  2.5
Spellcasting   | 5 |  5.3
Stealth        | |  2.4
Summonings     | |  1.1
Translocations | |  1.1

Action                   |  1- 3 |  4- 6 || total
-------------------------+-------+-------++-------
Melee: Unarmed           |     4 |       ||     4
       Club              |     1 |       ||     1
 Cast: Magic Dart        |    81 |     1 ||    82
  Use: Scroll            |       |     5 ||     5
       Potion            |       |     3 ||     3
  Eat: Chunk             |     2 |       ||     2
Armor: Robe              |     2 |     1 ||     3
Dodge: Dodged            |    15 |     3 ||    18
